LIMOILOU WOLF PACK vs RHODE ISLAND BEARS

Created - 12 novembre 2025 at 08:48

Goals
1 2 3 T
LIMOILOU WOLF PACK 0 0 0 0
RHODE ISLAND BEARS 1 3 2 6
Shots
1 2 3 T
LIMOILOU WOLF PACK 6 7 5 18
RHODE ISLAND BEARS 14 26 14 54

1st period

1. RHODE ISLAND BEARS , Aleksanteri Kaskimaki 3 (Jeremie Poirier 3, Carter Mazur 3) at 8:27

Penalties :
Vincent Sevigny (LIM) for Tripping (Minor) at 3:55, Colton Dach (LIM) for Hooking (Minor) at 19:11

2nd period

2. RHODE ISLAND BEARS , Cole Schwindt 5 (Jacob Moverare 5, Matthew Phillips 12) at 6:00
3. RHODE ISLAND BEARS , Jacob Moverare 2 (Cole Schwindt 8, Matthew Phillips 13) at 8:13 (PP)
4. RHODE ISLAND BEARS , Jacob Moverare 3 (Cole Schwindt 9, Matthew Phillips 14) at 11:00 (PP)

Penalties :
Colton Dach (LIM) for Roughing (Minor) at 7:15, Nicolas Deslauriers (LIM) for Roughing (Minor) at 10:48, Nicolas Deslauriers (LIM) for High sticking (Minor) at 12:34, Jeremie Poirier (RHI) for Holding (Minor) at 15:08

3rd period

5. RHODE ISLAND BEARS , Rory Kerins 3 (Alex Jefferies 1, Jacob Moverare 6) at 3:45 (PP)
6. RHODE ISLAND BEARS , William Villeneuve 1 (Rory Kerins 3, Jacob Moverare 7) at 18:29

Penalties :
Oskar Pettersson (LIM) for Interference (Minor) at 3:21, Colton Dach (LIM) for Hooking (Minor) at 8:52

Goalie Stats

Collin Delia (LIM), 48 saves from 54 shots - (0,889), L, 0-2-0, 60:00 minutes
Artur Akhtyamov (RHI), 18 saves from 18 shots - (1,000), W, 7-4-0, 60:00 minutes

Players Stats for LIMOILOU WOLF PACK

Player Name              G  A  P  +/- PIM S  H  SB GA TA FO     MP     PP MP  PK MP  
------------------------------------------------------------------------------------
Aidan Fulp               0  0  0  -2  0   1  0  2  0  0  0/0    16:44   0:50   4:06 
Akil Thomas              0  0  0  -2  0   5  2  0  0  0  0/2    16:53   1:09   4:35 
Alex Suzdalev            0  0  0  -1  0   0  0  0  0  0  2/4     6:36   0:50   1:33 
Brendan Brisson          0  0  0  -1  0   1  0  0  0  0  0/1    10:49   0:00   0:19 
Cam McDonald             0  0  0   0  0   0  0  1  0  0  0/0    10:44   0:00   1:25 
Chad Ruhwedel            0  0  0  -1  0   1  4  2  0  0  0/0    21:07   1:09   4:05 
Charlie Wright           0  0  0   0  0   0  0  0  0  0  0/0    12:17   0:00   0:46 
Colton Dach              0  0  0   0  6   1  2  1  0  0  1/2    17:45   0:00   0:00 
Dominik Shine            0  0  0   0  0   1  3  0  0  0  1/3    14:00   0:35   1:13 
Jackson van de Leest     0  0  0   0  0   0  3  2  0  0  0/0    13:02   0:00   1:31 
Jacob Perreault          0  0  0  -1  0   1  0  0  0  0  7/9    14:41   0:50   0:00 
Jeff Malott              0  0  0  -1  0   1  1  2  0  0  10/28  23:15   0:34   3:27 
Nicolas Aube-Kubel       0  0  0   0  0   3  2  0  0  0  1/1    16:18   0:36   0:00 
Nicolas Deslauriers      0  0  0  -2  4   1  3  3  0  0  0/0    15:24   0:50   2:48 
Oskar Pettersson         0  0  0  -3  2   0  2  0  0  0  10/20  24:26   1:09   4:15 
Philippe Daoust          0  0  0   0  0   1  0  0  0  0  13/15  25:43   0:14   3:38 
Sebastien Aho            0  0  0  -1  0   1  1  2  0  0  0/0    21:21   1:09   4:19 
Vincent Sevigny          0  0  0   0  2   0  2  1  0  0  0/0     9:18   0:00   0:00 

Players Stats for RHODE ISLAND BEARS

Player Name              G  A  P  +/- PIM S  H  SB GA TA FO     MP     PP MP  PK MP  
------------------------------------------------------------------------------------
Aatu Jamsen              0  0  0   1  0   2  1  0  0  0  0/1    14:04   0:00   0:24 
Aleksanteri Kaskimaki    1  0  1   1  0   4  0  0  0  0  2/12   14:29   0:00   0:49 
Alex Jefferies           0  1  1   1  0   0  4  0  0  0  0/0    20:34   4:47   0:00 
Carter Mazur             0  1  1   1  0   1  2  0  0  0  1/2    13:40   0:00   0:00 
Cole Schwindt            1  2  3   1  0   5  3  0  0  0  19/28  19:29   4:27   0:58 
Conor Timmins            0  0  0   0  0   6  0  1  0  0  0/0    23:40   4:40   1:01 
Cross Hanas              0  0  0   1  0   0  2  0  0  0  0/0    20:34   4:47   0:00 
Emil Andrae              0  0  0   0  0   4  0  1  0  0  0/0    23:40   4:40   1:01 
Francesco Pinelli        0  0  0   0  0   2  1  0  0  0  1/4     5:00   0:00   0:00 
Jacob Moverare           2  3  5   2  0   9  0  0  0  0  0/0    19:46   4:20   0:52 
Jeremie Poirier          0  1  1   1  2   2  0  0  0  0  0/0    16:27   0:30   0:00 
Justin Sourdif           0  0  0   1  0   2  0  0  0  0  2/2    18:47   4:43   0:00 
Matthew Phillips         0  3  3   1  0   5  0  0  0  0  2/3    24:57   4:43   1:10 
Rory Kerins              1  1  2   1  0   8  1  0  0  0  12/32  20:31   4:47   0:43 
Ryan Greene              0  0  0   0  0   0  0  0  0  0  1/1     1:02   0:16   0:00 
Samuel Poulin            0  0  0   0  0   0  2  0  0  0  0/0     5:00   0:00   0:00 
Topias Vilen             0  0  0   1  0   0  1  0  0  0  0/0    16:04   0:00   0:06 
William Villeneuve       1  0  1   2  0   4  0  1  0  0  0/0    20:16   4:50   0:52 

3 Stars

1 - Jacob Moverare (RHI)
2 - Cole Schwindt (RHI)
3 - Rory Kerins (RHI)

Power Play

LIMOILOU WOLF PACK - 0 on 1 Attempt(s) - 0,00%
RHODE ISLAND BEARS - 3 on 7 Attempt(s) - 42,86%

Penalty Kill

LIMOILOU WOLF PACK - 4 on 7 Attempt(s) - 57,14% - Score 0 goal in Penalty Kill
RHODE ISLAND BEARS - 1 on 1 Attempt(s) - 100,00% - Score 0 goal in Penalty Kill

Team Stat

LIMOILOU WOLF PACK - Hits : 25 - Faceoff Wins : 45 - Blocked Shots : 16 - Penalty Minutes : 14
RHODE ISLAND BEARS - Hits : 17 - Faceoff Wins : 40 - Blocked Shots : 3 - Penalty Minutes : 2

Official

Referees : Peter MacDougall and Ghislain Hebert
Linesman : Brandon Gawryletz and Jake Davis

Game Notes

No Game Note

LIMOILOU WOLF PACK

5 vs 5 Forward 
   Center                   Left Wing                Right Wing               Time % Phy DF OF 
 1 Jeff Malott              Oskar Pettersson         Akil Thomas              36     1   2  2  
 2 Philippe Daoust          Colton Dach              Nicolas Aube-Kubel       31     1   2  2  
 3 Jacob Perreault          Jeff Malott              Dominik Shine            23     1   2  2  
 4 Oskar Pettersson         Brendan Brisson          Philippe Daoust          10     1   2  2  

5 vs 5 Defense 
   Defense                  Defense                                           Time % Phy DF OF 
 1 Chad Ruhwedel            Sebastien Aho                                     36     1   2  2  
 2 Nicolas Deslauriers      Aidan Fulp                                        31     1   2  2  
 3 Charlie Wright           Jackson van de Leest                              23     1   2  2  
 4 Cam McDonald             Vincent Sevigny                                   10     1   2  2  

PowerPlay Forward 
   Center                   Left Wing                Right Wing               Time % Phy DF OF 
 1 Jeff Malott              Oskar Pettersson         Akil Thomas              55     1   2  2  
 2 Philippe Daoust          Jacob Perreault          Nicolas Aube-Kubel       45     1   2  2  

PowerPlay Defense
   Defense                  Defense                                           Time % Phy DF OF 
 1 Chad Ruhwedel            Sebastien Aho                                     55     1   2  2  
 2 Nicolas Deslauriers      Aidan Fulp                                        45     1   2  2  

Penalty Kill 4 Players Forward 
   Center                   Wing                     Time % Phy DF OF 
 1 Jeff Malott              Philippe Daoust          55     1   2  2  
 2 Oskar Pettersson         Akil Thomas              45     1   2  2  

Penalty Kill 4 Players Defense
   Defense                  Defense                  Time % Phy DF OF 
 1 Chad Ruhwedel            Sebastien Aho            55     1   2  2  
 2 Nicolas Deslauriers      Aidan Fulp               45     1   2  2  

Penalty Kill - 3 Players Forward 
   Forward                                           Time % Phy DF OF 
 1 Oskar Pettersson                                  55     1   2  2  
 2 Philippe Daoust                                   45     1   2  2  

Penalty Kill - 3 Players Defense
   Defense                  Defense                  Time % Phy DF OF 
 1 Chad Ruhwedel            Sebastien Aho            55     1   2  2  
 2 Nicolas Deslauriers      Aidan Fulp               45     1   2  2  

4 vs 4 Forward 
   Center                   Wing                     Time % Phy DF OF 
 1 Jeff Malott              Philippe Daoust          55     1   2  2  
 2 Oskar Pettersson         Akil Thomas              45     1   2  2  

4 vs 4 Defense
   Defense                  Defense                  Time % Phy DF OF 
 1 Chad Ruhwedel            Sebastien Aho            55     1   2  2  
 2 Nicolas Deslauriers      Aidan Fulp               45     1   2  2  

Last Minutes Offensive
   Center                   Left Wing                Right Wing               Defense                  Defense                  
   Philippe Daoust          Oskar Pettersson         Akil Thomas              Chad Ruhwedel            Sebastien Aho            

Last Minutes Defensive
   Center                   Left Wing                Right Wing               Defense                  Defense                  
   Philippe Daoust          Oskar Pettersson         Akil Thomas              Chad Ruhwedel            Sebastien Aho            

Goaltenders
Starting : Collin Delia             
Backup : Malcolm Subban           

Extra Forwards
Normal : Jeff Malott, Jacob Perreault, Dominik Shine - PP : Jeff Malott, Jacob Perreault - PK : Dominik Shine
Extra Defensemen
Normal : Charlie Wright, Jackson van de Leest, Cam McDonald - PP : Charlie Wright - PK : Jackson van de Leest, Cam McDonald
Penalty Shots
Nicolas Deslauriers, Philippe Daoust, Oskar Pettersson, Akil Thomas, Jeff Malott

Scratches
Arthur Kaliyev (Strained Left Knee Injury), Lukas Fischer (Healthy), Vinni Lettieri (Healthy)

RHODE ISLAND BEARS

5 vs 5 Forward 
   Center                   Left Wing                Right Wing               Time % Phy DF OF 
 1 Cole Schwindt            Matthew Phillips         Justin Sourdif           36     1   2  2  
 2 Rory Kerins              Cross Hanas              Alex Jefferies           31     1   2  2  
 3 Aleksanteri Kaskimaki    Aatu Jamsen              Carter Mazur             23     1   2  2  
 4 Francesco Pinelli        Samuel Poulin            Matthew Phillips         10     1   2  2  

5 vs 5 Defense 
   Defense                  Defense                                           Time % Phy DF OF 
 1 Conor Timmins            Emil Andrae                                       36     1   2  2  
 2 William Villeneuve       Jacob Moverare                                    31     1   2  2  
 3 Jeremie Poirier          Topias Vilen                                      23     1   2  2  
 4 Conor Timmins            Emil Andrae                                       10     1   2  2  

PowerPlay Forward 
   Center                   Left Wing                Right Wing               Time % Phy DF OF 
 1 Cole Schwindt            Matthew Phillips         Justin Sourdif           55     1   2  2  
 2 Rory Kerins              Cross Hanas              Alex Jefferies           45     1   2  2  

PowerPlay Defense
   Defense                  Defense                                           Time % Phy DF OF 
 1 Conor Timmins            Emil Andrae                                       55     1   2  2  
 2 William Villeneuve       Jacob Moverare                                    45     1   2  2  

Penalty Kill 4 Players Forward 
   Center                   Wing                     Time % Phy DF OF 
 1 Matthew Phillips         Cole Schwindt            55     1   2  2  
 2 Rory Kerins              Aleksanteri Kaskimaki    45     1   2  2  

Penalty Kill 4 Players Defense
   Defense                  Defense                  Time % Phy DF OF 
 1 Conor Timmins            Emil Andrae              55     1   2  2  
 2 William Villeneuve       Jacob Moverare           45     1   2  2  

Penalty Kill - 3 Players Forward 
   Forward                                           Time % Phy DF OF 
 1 Matthew Phillips                                  55     1   2  2  
 2 Cole Schwindt                                     45     1   2  2  

Penalty Kill - 3 Players Defense
   Defense                  Defense                  Time % Phy DF OF 
 1 Conor Timmins            Emil Andrae              55     1   2  2  
 2 William Villeneuve       Jacob Moverare           45     1   2  2  

4 vs 4 Forward 
   Center                   Wing                     Time % Phy DF OF 
 1 Matthew Phillips         Cole Schwindt            55     1   2  2  
 2 Rory Kerins              Aleksanteri Kaskimaki    45     1   2  2  

4 vs 4 Defense
   Defense                  Defense                  Time % Phy DF OF 
 1 Conor Timmins            Emil Andrae              55     1   2  2  
 2 William Villeneuve       Jacob Moverare           45     1   2  2  

Last Minutes Offensive
   Center                   Left Wing                Right Wing               Defense                  Defense                  
   Cole Schwindt            Matthew Phillips         Justin Sourdif           Conor Timmins            Emil Andrae              

Last Minutes Defensive
   Center                   Left Wing                Right Wing               Defense                  Defense                  
   Cole Schwindt            Matthew Phillips         Justin Sourdif           Conor Timmins            Emil Andrae              

Goaltenders
Starting : Artur Akhtyamov          
Backup : Henrik Tikkanen          

Extra Forwards
Normal : Ryan Greene, Francesco Pinelli, Aatu Jamsen - PP : Ryan Greene, Francesco Pinelli - PK : Aatu Jamsen
Extra Defensemen
Normal : Jeremie Poirier, Topias Vilen, William Villeneuve - PP : Jeremie Poirier - PK : Topias Vilen, William Villeneuve
Penalty Shots
Matthew Phillips, Cole Schwindt, Rory Kerins, Aleksanteri Kaskimaki, Justin Sourdif

Scratches
Artem Shlaine (Healthy), Lukas Reichel (Healthy), Ludwig Persson (Healthy), Roby Jarventie (Healthy), Nikita Grebenkin (Healthy)
Matej Blumel (Healthy), Garin Bjorklund (Healthy)

% Time on Ice - LIMOILOU WOLF PACK

Lines # - Real PCT - Wanted PCT - Time Play
Normal Forward
1 - 23% - 36% - 11:09
2 - 34% - 31% - 16:31
3 - 21% - 23% - 10:21
4 - 22% - 10% - 10:30
Normal Defense
1 - 33% - 36% - 15:53
2 - 24% - 31% - 11:48
3 - 24% - 23% - 11:31
4 - 19% - 10% - 9:19
PP Forward
1 - 58% - 55% - 1:09
2 - 42% - 45% - 0:50
PP Defense
1 - 58% - 55% - 1:09
2 - 42% - 45% - 0:50
PK Forward
1 - 52% - 55% - 4:55
2 - 48% - 45% - 4:35
PK Defense
1 - 52% - 55% - 4:54
2 - 48% - 45% - 4:36
PK3 Forward
1 - 0% - 55%
2 - 0% - 45%
PK3 Defense
1 - 0% - 55%
2 - 0% - 45%
44 Forward
1 - 0% - 55%
2 - 0% - 45%
44 Defense
1 - 0% - 55%
2 - 0% - 45%
Last Minute Offensive  - 0:00
Last Minute Defensive  - 0:00
Total
Forward - 60:00
Defense - 60:00

% Time on Ice - RHODE ISLAND BEARS

Lines # - Real PCT - Wanted PCT - Time Play
Normal Forward
1 - 29% - 36% - 14:04
2 - 33% - 31% - 15:47
3 - 28% - 23% - 13:40
4 - 10% - 10% - 5:00
Normal Defense
1 - 34% - 36% - 16:20
2 - 30% - 31% - 14:34
3 - 33% - 23% - 15:58
4 - 3% - 10% - 1:39
PP Forward
1 - 50% - 55% - 4:43
2 - 50% - 45% - 4:47
PP Defense
1 - 49% - 55% - 4:40
2 - 51% - 45% - 4:50
PK Forward
1 - 64% - 55% - 1:16
2 - 36% - 45% - 0:43
PK Defense
1 - 56% - 55% - 1:07
2 - 44% - 45% - 0:52
PK3 Forward
1 - 0% - 55%
2 - 0% - 45%
PK3 Defense
1 - 0% - 55%
2 - 0% - 45%
44 Forward
1 - 0% - 55%
2 - 0% - 45%
44 Defense
1 - 0% - 55%
2 - 0% - 45%
Last Minute Offensive  - 0:00
Last Minute Defensive  - 0:00
Total
Forward - 60:00
Defense - 60:00

Play-by-Play

1st period


0:01 of 1st period - Matthew Phillips wins face-off versus Jeff Malott in neutral zone.
0:32 of 1st period - Shot by Emil Andrae.
0:32 of 1st period - Stopped by Collin Delia without a rebound.
0:33 of 1st period - Rory Kerins wins face-off versus Philippe Daoust in LIMOILOU WOLF PACK zone.
0:56 of 1st period - Shot by William Villeneuve.
0:56 of 1st period - Stopped by Collin Delia with a rebound.
0:58 of 1st period - Shot by Rory Kerins.
0:58 of 1st period - Deflect By Cross Hanas.
0:58 of 1st period - Shot Blocked by Colton Dach.
1:00 of 1st period - Shot by Rory Kerins.
1:00 of 1st period - Shot Misses the Net.
1:02 of 1st period - Shot by Rory Kerins.
1:02 of 1st period - Stopped by Collin Delia without a rebound.
1:03 of 1st period - Jeff Malott wins face-off versus Aleksanteri Kaskimaki in LIMOILOU WOLF PACK zone.
1:08 of 1st period - Shot by Jacob Perreault.
1:08 of 1st period - Stopped by Artur Akhtyamov without a rebound.
1:09 of 1st period - Jacob Perreault wins face-off versus Aleksanteri Kaskimaki in RHODE ISLAND BEARS zone.
2:10 of 1st period - Shot by Matthew Phillips.
2:10 of 1st period - Stopped by Collin Delia without a rebound.
2:11 of 1st period - Cole Schwindt wins face-off versus Brendan Brisson in LIMOILOU WOLF PACK zone.
2:42 of 1st period - Shot by Brendan Brisson.
2:42 of 1st period - Stopped by Artur Akhtyamov without a rebound.
2:43 of 1st period - Philippe Daoust wins face-off versus Rory Kerins in RHODE ISLAND BEARS zone.
2:50 of 1st period - Shot by Philippe Daoust.
2:50 of 1st period - Stopped by Artur Akhtyamov without a rebound.
2:51 of 1st period - Philippe Daoust wins face-off versus Rory Kerins in RHODE ISLAND BEARS zone.
3:03 of 1st period - Off-side.
3:04 of 1st period - Francesco Pinelli wins face-off versus Jeff Malott in neutral zone.
3:06 of 1st period - Emil Andrae is hit by Jeff Malott and loses puck.
3:13 of 1st period - Shot by Francesco Pinelli.
3:13 of 1st period - Stopped by Collin Delia without a rebound.
3:14 of 1st period - Philippe Daoust wins face-off versus Rory Kerins in LIMOILOU WOLF PACK zone.
3:21 of 1st period - Shot by Philippe Daoust.
3:21 of 1st period - Shot Misses the Net.
3:26 of 1st period - Rory Kerins is hit by Nicolas Aube-Kubel and loses puck.
3:39 of 1st period - Shot by Nicolas Aube-Kubel.
3:39 of 1st period - Shot Misses the Net.
3:46 of 1st period - Jacob Moverare is hit by Nicolas Aube-Kubel and loses puck.
3:53 of 1st period - Colton Dach is hit by Cross Hanas and loses puck.
3:55 of 1st period - Minor Penalty to Vincent Sevigny for Tripping.
3:56 of 1st period - Cole Schwindt wins face-off versus Oskar Pettersson in LIMOILOU WOLF PACK zone.
3:57 of 1st period - Shot by Conor Timmins.
3:57 of 1st period - Shot Misses the Net.
4:33 of 1st period - Shot by Conor Timmins.
4:33 of 1st period - Shot Blocked by Chad Ruhwedel.
4:43 of 1st period - Akil Thomas is hit by Alex Jefferies and loses puck.
4:50 of 1st period - Shot by William Villeneuve.
4:50 of 1st period - Shot Blocked by Chad Ruhwedel.
4:52 of 1st period - Shot by Jacob Moverare.
4:52 of 1st period - Shot Hit the Post.
4:54 of 1st period - Shot by Jacob Moverare.
4:54 of 1st period - Shot Misses the Net.
5:34 of 1st period - Shot by Conor Timmins.
5:34 of 1st period - Stopped by Collin Delia with a rebound.
5:36 of 1st period - Shot by Emil Andrae.
5:36 of 1st period - Shot Blocked by Jeff Malott.
6:04 of 1st period - Shot by Aleksanteri Kaskimaki.
6:04 of 1st period - Stopped by Collin Delia without a rebound.
6:05 of 1st period - Jacob Perreault wins face-off versus Aleksanteri Kaskimaki in LIMOILOU WOLF PACK zone.
6:23 of 1st period - Shot by Dominik Shine.
6:23 of 1st period - Stopped by Artur Akhtyamov with a rebound.
6:39 of 1st period - Off-side.
6:40 of 1st period - Philippe Daoust wins face-off versus Matthew Phillips in neutral zone.
7:20 of 1st period - Nicolas Deslauriers is hit by Francesco Pinelli and loses puck.
8:13 of 1st period - Icing by Aidan Fulp.
8:14 of 1st period - Carter Mazur wins face-off versus Oskar Pettersson in LIMOILOU WOLF PACK zone.
8:14 of 1st period - Aleksanteri Kaskimaki is hit by Nicolas Deslauriers and loses puck.
8:27 of 1st period - Shot by Aleksanteri Kaskimaki.
8:27 of 1st period - Goal by Aleksanteri Kaskimaki - LIMOILOU WOLF PACK : 0 - RHODE ISLAND BEARS : 1.
8:28 of 1st period - Philippe Daoust wins face-off versus Cole Schwindt in neutral zone.
8:35 of 1st period - Shot by Colton Dach.
8:35 of 1st period - Shot Misses the Net.
9:43 of 1st period - Icing by Jacob Moverare.
9:44 of 1st period - Jacob Perreault wins face-off versus Aleksanteri Kaskimaki in RHODE ISLAND BEARS zone.
9:48 of 1st period - Icing by Jacob Moverare.
9:49 of 1st period - Aleksanteri Kaskimaki wins face-off versus Jeff Malott in RHODE ISLAND BEARS zone.
10:10 of 1st period - Icing by Vincent Sevigny.
10:11 of 1st period - Jeff Malott wins face-off versus Cole Schwindt in LIMOILOU WOLF PACK zone.
10:22 of 1st period - Shot by Akil Thomas.
10:22 of 1st period - Stopped by Artur Akhtyamov without a rebound.
10:23 of 1st period - Philippe Daoust wins face-off versus Rory Kerins in RHODE ISLAND BEARS zone.
10:44 of 1st period - Shot by Conor Timmins.
10:44 of 1st period - Stopped by Collin Delia without a rebound.
10:45 of 1st period - Jacob Perreault wins face-off versus Cole Schwindt in LIMOILOU WOLF PACK zone.
11:07 of 1st period - Icing by Dominik Shine.
11:08 of 1st period - Dominik Shine wins face-off versus Rory Kerins in LIMOILOU WOLF PACK zone.
12:07 of 1st period - Chad Ruhwedel is hit by Cole Schwindt.
12:20 of 1st period - Icing by Jacob Moverare.
12:21 of 1st period - Cole Schwindt wins face-off versus Colton Dach in RHODE ISLAND BEARS zone.
12:30 of 1st period - Aidan Fulp is hit by Cole Schwindt and loses puck.
14:05 of 1st period - Shot by Conor Timmins.
14:05 of 1st period - Shot Misses the Net.
14:33 of 1st period - Colton Dach is hit by Samuel Poulin and loses puck.
16:15 of 1st period - Shot by Matthew Phillips.
16:15 of 1st period - Stopped by Collin Delia without a rebound.
16:16 of 1st period - Oskar Pettersson wins face-off versus Rory Kerins in LIMOILOU WOLF PACK zone.
16:26 of 1st period - Icing by Jacob Moverare.
16:27 of 1st period - Alex Suzdalev wins face-off versus Rory Kerins in RHODE ISLAND BEARS zone.
16:35 of 1st period - Icing by William Villeneuve.
16:36 of 1st period - Rory Kerins wins face-off versus Oskar Pettersson in RHODE ISLAND BEARS zone.
18:30 of 1st period - Jeff Malott is hit by Carter Mazur.
19:00 of 1st period - Shot by Nicolas Aube-Kubel.
19:00 of 1st period - Stopped by Artur Akhtyamov without a rebound.
19:01 of 1st period - Colton Dach wins face-off versus Francesco Pinelli in RHODE ISLAND BEARS zone.
19:11 of 1st period - Minor Penalty to Colton Dach for Hooking.
19:12 of 1st period - Rory Kerins wins face-off versus Akil Thomas in LIMOILOU WOLF PACK zone.
19:19 of 1st period - Shot by Jacob Moverare.
19:19 of 1st period - Shot Blocked by Nicolas Deslauriers.
19:33 of 1st period - Shot by Jacob Moverare.
19:33 of 1st period - Stopped by Collin Delia with a rebound.
19:41 of 1st period - Shot by William Villeneuve.
19:41 of 1st period - Stopped by Collin Delia without a rebound.
19:42 of 1st period - Oskar Pettersson wins face-off versus Cole Schwindt in LIMOILOU WOLF PACK zone.
19:51 of 1st period - Shot by Emil Andrae.
19:51 of 1st period - Shot Misses the Net.
19:53 of 1st period - Shot by Conor Timmins.
19:53 of 1st period - Deflect By Cole Schwindt.
19:53 of 1st period - Stopped by Collin Delia without a rebound.
19:54 of 1st period - Cole Schwindt wins face-off versus Oskar Pettersson in LIMOILOU WOLF PACK zone.
19:55 of 1st period - Shot by Emil Andrae.
19:55 of 1st period - Stopped by Collin Delia without a rebound.
19:56 of 1st period - Cole Schwindt wins face-off versus Jeff Malott in LIMOILOU WOLF PACK zone.
Goals for this period are 0 for LIMOILOU WOLF PACK vs 1 for RHODE ISLAND BEARS.
Shots for this period are 6 for LIMOILOU WOLF PACK vs 14 for RHODE ISLAND BEARS.

2nd period


0:01 of 2nd period - Cole Schwindt wins face-off versus Jeff Malott in neutral zone.
1:08 of 2nd period - Shot by Jacob Moverare.
1:08 of 2nd period - Stopped by Collin Delia without a rebound.
1:09 of 2nd period - Oskar Pettersson wins face-off versus Rory Kerins in LIMOILOU WOLF PACK zone.
1:51 of 2nd period - Off-side.
1:52 of 2nd period - Jeff Malott wins face-off versus Rory Kerins in neutral zone.
1:59 of 2nd period - Shot by Jeff Malott.
1:59 of 2nd period - Shot Misses the Net.
2:19 of 2nd period - Shot by Conor Timmins.
2:19 of 2nd period - Stopped by Collin Delia without a rebound.
2:20 of 2nd period - Cole Schwindt wins face-off versus Jacob Perreault in LIMOILOU WOLF PACK zone.
2:25 of 2nd period - Shot by Matthew Phillips.
2:25 of 2nd period - Stopped by Collin Delia without a rebound.
2:26 of 2nd period - Philippe Daoust wins face-off versus Cole Schwindt in LIMOILOU WOLF PACK zone.
2:44 of 2nd period - Justin Sourdif is hit by Nicolas Deslauriers and loses puck.
2:54 of 2nd period - Matthew Phillips is hit by Nicolas Deslauriers and loses puck.
3:01 of 2nd period - Shot by Cole Schwindt.
3:01 of 2nd period - Stopped by Collin Delia without a rebound.
3:02 of 2nd period - Jeff Malott wins face-off versus Rory Kerins in LIMOILOU WOLF PACK zone.
3:07 of 2nd period - Shot by Akil Thomas.
3:07 of 2nd period - Stopped by Artur Akhtyamov without a rebound.
3:08 of 2nd period - Rory Kerins wins face-off versus Jeff Malott in RHODE ISLAND BEARS zone.
3:25 of 2nd period - Shot by Rory Kerins.
3:25 of 2nd period - Shot Misses the Net.
4:03 of 2nd period - Shot by Colton Dach.
4:03 of 2nd period - Shot Misses the Net.
4:20 of 2nd period - Nicolas Aube-Kubel is hit by Topias Vilen and loses puck.
4:45 of 2nd period - Jacob Moverare is hit by Dominik Shine and loses puck.
5:08 of 2nd period - Shot by Jacob Moverare.
5:08 of 2nd period - Shot Blocked by Nicolas Deslauriers.
5:10 of 2nd period - Shot by Jacob Moverare.
5:10 of 2nd period - Stopped by Collin Delia without a rebound.
5:11 of 2nd period - Jeff Malott wins face-off versus Rory Kerins in LIMOILOU WOLF PACK zone.
5:11 of 2nd period - Jeff Malott is hit by Alex Jefferies.
5:26 of 2nd period - Icing by Conor Timmins.
5:27 of 2nd period - Rory Kerins wins face-off versus Oskar Pettersson in RHODE ISLAND BEARS zone.
5:27 of 2nd period - Rory Kerins is hit by Oskar Pettersson.
5:46 of 2nd period - Shot by Rory Kerins.
5:46 of 2nd period - Shot Blocked by Vincent Sevigny.
5:48 of 2nd period - Shot by Conor Timmins.
5:48 of 2nd period - Shot Misses the Net.
5:54 of 2nd period - Shot by Rory Kerins.
5:54 of 2nd period - Stopped by Collin Delia without a rebound.
5:55 of 2nd period - Cole Schwindt wins face-off versus Jeff Malott in LIMOILOU WOLF PACK zone.
6:00 of 2nd period - Shot by Cole Schwindt.
6:00 of 2nd period - Goal by Cole Schwindt - LIMOILOU WOLF PACK : 0 - RHODE ISLAND BEARS : 2.
6:01 of 2nd period - Jacob Perreault wins face-off versus Cole Schwindt in neutral zone.
6:08 of 2nd period - William Villeneuve is hit by Dominik Shine.
6:58 of 2nd period - Shot by Aatu Jamsen.
6:58 of 2nd period - Stopped by Collin Delia without a rebound.
6:59 of 2nd period - Philippe Daoust wins face-off versus Rory Kerins in LIMOILOU WOLF PACK zone.
7:11 of 2nd period - Conor Timmins is hit by Colton Dach and loses puck.
7:15 of 2nd period - Minor Penalty to Colton Dach for Roughing.
7:16 of 2nd period - Oskar Pettersson wins face-off versus Rory Kerins in LIMOILOU WOLF PACK zone.
7:43 of 2nd period - Shot by Conor Timmins.
7:43 of 2nd period - Stopped by Collin Delia with a rebound.
7:45 of 2nd period - Shot by Emil Andrae.
7:45 of 2nd period - Shot Blocked by Sebastien Aho.
8:09 of 2nd period - Shot by Cole Schwindt.
8:09 of 2nd period - Stopped by Collin Delia with a rebound.
8:11 of 2nd period - Shot by Cole Schwindt.
8:11 of 2nd period - Shot Blocked by Sebastien Aho.
8:13 of 2nd period - Shot by Jacob Moverare.
8:13 of 2nd period - Goal by Jacob Moverare - LIMOILOU WOLF PACK : 0 - RHODE ISLAND BEARS : 3.
8:14 of 2nd period - Philippe Daoust wins face-off versus Aleksanteri Kaskimaki in neutral zone.
9:09 of 2nd period - Shot by Matthew Phillips.
9:09 of 2nd period - Shot Misses the Net.
9:12 of 2nd period - Cole Schwindt is hit by Jackson van de Leest and loses puck.
9:33 of 2nd period - Shot by Matthew Phillips.
9:33 of 2nd period - Shot Misses the Net.
9:35 of 2nd period - Shot by William Villeneuve.
9:35 of 2nd period - Stopped by Collin Delia without a rebound.
9:36 of 2nd period - Oskar Pettersson wins face-off versus Rory Kerins in LIMOILOU WOLF PACK zone.
9:36 of 2nd period - Philippe Daoust is hit by Alex Jefferies and loses puck.
9:41 of 2nd period - Shot by Rory Kerins.
9:41 of 2nd period - Stopped by Collin Delia without a rebound.
9:42 of 2nd period - Rory Kerins wins face-off versus Oskar Pettersson in LIMOILOU WOLF PACK zone.
10:48 of 2nd period - Minor Penalty to Nicolas Deslauriers for Roughing.
10:49 of 2nd period - Cole Schwindt wins face-off versus Jeff Malott in LIMOILOU WOLF PACK zone.
10:54 of 2nd period - Shot by Cole Schwindt.
10:54 of 2nd period - Stopped by Collin Delia with a rebound.
10:56 of 2nd period - Shot by Jacob Moverare.
10:56 of 2nd period - Shot Misses the Net.
10:58 of 2nd period - Shot by Jacob Moverare.
10:58 of 2nd period - Shot Misses the Net.
11:00 of 2nd period - Shot by Jacob Moverare.
11:00 of 2nd period - Goal by Jacob Moverare - LIMOILOU WOLF PACK : 0 - RHODE ISLAND BEARS : 4.
11:01 of 2nd period - Jeff Malott wins face-off versus Aatu Jamsen in neutral zone.
11:04 of 2nd period - Shot by Akil Thomas.
11:04 of 2nd period - Stopped by Artur Akhtyamov with a rebound.
11:11 of 2nd period - Carter Mazur is hit by Jackson van de Leest.
11:23 of 2nd period - Shot by Aatu Jamsen.
11:23 of 2nd period - Shot Misses the Net.
11:29 of 2nd period - Shot by Carter Mazur.
11:29 of 2nd period - Shot Misses the Net.
11:31 of 2nd period - Shot by Aleksanteri Kaskimaki.
11:31 of 2nd period - Stopped by Collin Delia without a rebound.
11:32 of 2nd period - Philippe Daoust wins face-off versus Cole Schwindt in LIMOILOU WOLF PACK zone.
12:34 of 2nd period - Minor Penalty to Nicolas Deslauriers for High sticking.
12:35 of 2nd period - Rory Kerins wins face-off versus Oskar Pettersson in LIMOILOU WOLF PACK zone.
12:48 of 2nd period - Shot by Jacob Moverare.
12:48 of 2nd period - Shot Blocked by Jackson van de Leest.
12:50 of 2nd period - Shot by Rory Kerins.
12:50 of 2nd period - Shot Misses the Net.
12:52 of 2nd period - Shot by Jacob Moverare.
12:52 of 2nd period - Shot Misses the Net.
12:54 of 2nd period - Shot by William Villeneuve.
12:54 of 2nd period - Shot Blocked by Aidan Fulp.
12:56 of 2nd period - Shot by Jacob Moverare.
12:56 of 2nd period - Stopped by Collin Delia with a rebound.
13:22 of 2nd period - Shot by Conor Timmins.
13:22 of 2nd period - Shot Blocked by Jackson van de Leest.
13:24 of 2nd period - Shot by Conor Timmins.
13:24 of 2nd period - Shot Misses the Net.
13:26 of 2nd period - Shot by Emil Andrae.
13:26 of 2nd period - Stopped by Collin Delia with a rebound.
13:56 of 2nd period - Shot by William Villeneuve.
13:56 of 2nd period - Shot Misses the Net.
13:58 of 2nd period - Shot by William Villeneuve.
13:58 of 2nd period - Shot Misses the Net.
14:00 of 2nd period - Shot by William Villeneuve.
14:00 of 2nd period - Shot Misses the Net.
14:02 of 2nd period - Shot by Jeremie Poirier.
14:02 of 2nd period - Stopped by Collin Delia without a rebound.
14:03 of 2nd period - Ryan Greene wins face-off versus Jeff Malott in LIMOILOU WOLF PACK zone.
14:12 of 2nd period - Shot by Emil Andrae.
14:12 of 2nd period - Stopped by Collin Delia with a rebound.
14:14 of 2nd period - Shot by Conor Timmins.
14:14 of 2nd period - Shot Misses the Net.
14:16 of 2nd period - Shot by Conor Timmins.
14:16 of 2nd period - Shot Misses the Net.
14:18 of 2nd period - Shot by Conor Timmins.
14:18 of 2nd period - Stopped by Collin Delia without a rebound.
14:19 of 2nd period - Rory Kerins wins face-off versus Jeff Malott in LIMOILOU WOLF PACK zone.
14:51 of 2nd period - Shot by Aatu Jamsen.
14:51 of 2nd period - Shot Blocked by Cam McDonald.
15:03 of 2nd period - Shot by Carter Mazur.
15:03 of 2nd period - Shot Misses the Net.
15:08 of 2nd period - Minor Penalty to Jeremie Poirier for Holding.
15:09 of 2nd period - Matthew Phillips wins face-off versus Jeff Malott in RHODE ISLAND BEARS zone.
15:09 of 2nd period - Matthew Phillips is hit by Akil Thomas.
15:27 of 2nd period - Shot by Jeff Malott.
15:27 of 2nd period - Stopped by Artur Akhtyamov with a rebound.
15:29 of 2nd period - Shot by Chad Ruhwedel.
15:29 of 2nd period - Stopped by Artur Akhtyamov with a rebound.
15:31 of 2nd period - Shot by Sebastien Aho.
15:31 of 2nd period - Stopped by Artur Akhtyamov with a rebound.
15:54 of 2nd period - Shot by Nicolas Aube-Kubel.
15:54 of 2nd period - Shot Misses the Net.
15:56 of 2nd period - Shot by Aidan Fulp.
15:56 of 2nd period - Stopped by Artur Akhtyamov with a rebound.
17:40 of 2nd period - Ryan Greene is hit by Jackson van de Leest and loses puck.
18:03 of 2nd period - Shot by Matthew Phillips.
18:03 of 2nd period - Shot Misses the Net.
18:07 of 2nd period - Shot by Francesco Pinelli.
18:07 of 2nd period - Stopped by Collin Delia without a rebound.
18:08 of 2nd period - Aleksanteri Kaskimaki wins face-off versus Jeff Malott in LIMOILOU WOLF PACK zone.
18:15 of 2nd period - Shot by Aleksanteri Kaskimaki.
18:15 of 2nd period - Shot Blocked by Jeff Malott.
18:17 of 2nd period - Shot by Jacob Moverare.
18:17 of 2nd period - Stopped by Collin Delia without a rebound.
18:18 of 2nd period - Cole Schwindt wins face-off versus Akil Thomas in LIMOILOU WOLF PACK zone.
18:19 of 2nd period - Shot by Matthew Phillips.
18:19 of 2nd period - Shot Misses the Net.
18:37 of 2nd period - Shot by Justin Sourdif.
18:37 of 2nd period - Stopped by Collin Delia without a rebound.
18:38 of 2nd period - Rory Kerins wins face-off versus Oskar Pettersson in LIMOILOU WOLF PACK zone.
18:43 of 2nd period - Shot by Rory Kerins.
18:43 of 2nd period - Stopped by Collin Delia without a rebound.
18:44 of 2nd period - Jeff Malott wins face-off versus Rory Kerins in LIMOILOU WOLF PACK zone.
18:44 of 2nd period - Jeff Malott is hit by Cross Hanas.
18:52 of 2nd period - Shot by Jeff Malott.
18:52 of 2nd period - Shot Blocked by Conor Timmins.
18:56 of 2nd period - Shot by Jeff Malott.
18:56 of 2nd period - Shot Misses the Net.
18:58 of 2nd period - Shot by Colton Dach.
18:58 of 2nd period - Deflect By Nicolas Aube-Kubel.
18:58 of 2nd period - Stopped by Artur Akhtyamov without a rebound.
18:59 of 2nd period - Cole Schwindt wins face-off versus Oskar Pettersson in RHODE ISLAND BEARS zone.
19:06 of 2nd period - Shot by Justin Sourdif.
19:06 of 2nd period - Stopped by Collin Delia without a rebound.
19:07 of 2nd period - Cole Schwindt wins face-off versus Jeff Malott in LIMOILOU WOLF PACK zone.
19:22 of 2nd period - Chad Ruhwedel is hit by Cole Schwindt and loses puck.
Goals for this period are 0 for LIMOILOU WOLF PACK vs 3 for RHODE ISLAND BEARS.
Shots for this period are 7 for LIMOILOU WOLF PACK vs 26 for RHODE ISLAND BEARS.

3rd period


0:01 of 3rd period - Cole Schwindt wins face-off versus Jeff Malott in neutral zone.
0:06 of 3rd period - Shot by Matthew Phillips.
0:06 of 3rd period - Stopped by Collin Delia without a rebound.
0:07 of 3rd period - Justin Sourdif wins face-off versus Jeff Malott in LIMOILOU WOLF PACK zone.
0:12 of 3rd period - Shot by Cole Schwindt.
0:12 of 3rd period - Shot Misses the Net.
0:14 of 3rd period - Shot by Emil Andrae.
0:14 of 3rd period - Shot Misses the Net.
0:26 of 3rd period - Shot by Cole Schwindt.
0:26 of 3rd period - Shot Misses the Net.
0:34 of 3rd period - Shot by Cole Schwindt.
0:34 of 3rd period - Shot Misses the Net.
0:43 of 3rd period - Shot by Matthew Phillips.
0:43 of 3rd period - Shot Misses the Net.
1:00 of 3rd period - Icing by William Villeneuve.
1:01 of 3rd period - Rory Kerins wins face-off versus Philippe Daoust in RHODE ISLAND BEARS zone.
1:08 of 3rd period - Shot by Rory Kerins.
1:08 of 3rd period - Stopped by Collin Delia without a rebound.
1:09 of 3rd period - Philippe Daoust wins face-off versus Aleksanteri Kaskimaki in LIMOILOU WOLF PACK zone.
1:09 of 3rd period - Philippe Daoust is hit by Carter Mazur.
1:27 of 3rd period - Shot by Aatu Jamsen.
1:27 of 3rd period - Stopped by Collin Delia without a rebound.
1:28 of 3rd period - Oskar Pettersson wins face-off versus Rory Kerins in LIMOILOU WOLF PACK zone.
1:28 of 3rd period - Oskar Pettersson is hit by Rory Kerins.
1:50 of 3rd period - Shot by Rory Kerins.
1:50 of 3rd period - Stopped by Collin Delia with a rebound.
1:54 of 3rd period - Shot by Rory Kerins.
1:54 of 3rd period - Shot Misses the Net.
1:56 of 3rd period - Shot by Jacob Moverare.
1:56 of 3rd period - Stopped by Collin Delia without a rebound.
1:57 of 3rd period - Cole Schwindt wins face-off versus Jacob Perreault in LIMOILOU WOLF PACK zone.
2:29 of 3rd period - Cole Schwindt is hit by Chad Ruhwedel and loses puck.
2:42 of 3rd period - Emil Andrae is hit by Dominik Shine and loses puck.
2:50 of 3rd period - Icing by Conor Timmins.
2:51 of 3rd period - Philippe Daoust wins face-off versus Cole Schwindt in RHODE ISLAND BEARS zone.
3:00 of 3rd period - Shot by Philippe Daoust.
3:00 of 3rd period - Deflect By Colton Dach.
3:00 of 3rd period - Shot Hit the Post.
3:02 of 3rd period - Shot by Colton Dach.
3:02 of 3rd period - Shot Blocked by Emil Andrae.
3:16 of 3rd period - Shot by Colton Dach.
3:16 of 3rd period - Stopped by Artur Akhtyamov without a rebound.
3:17 of 3rd period - Oskar Pettersson wins face-off versus Rory Kerins in RHODE ISLAND BEARS zone.
3:21 of 3rd period - Minor Penalty to Oskar Pettersson for Interference.
3:22 of 3rd period - Jeff Malott wins face-off versus Rory Kerins in LIMOILOU WOLF PACK zone.
3:45 of 3rd period - Shot by Rory Kerins.
3:45 of 3rd period - Goal by Rory Kerins - LIMOILOU WOLF PACK : 0 - RHODE ISLAND BEARS : 5.
3:46 of 3rd period - Nicolas Aube-Kubel wins face-off versus Aleksanteri Kaskimaki in neutral zone.
4:49 of 3rd period - Shot by Jeff Malott.
4:49 of 3rd period - Shot Misses the Net.
4:51 of 3rd period - Shot by Akil Thomas.
4:51 of 3rd period - Shot Blocked by William Villeneuve.
4:53 of 3rd period - Shot by Nicolas Deslauriers.
4:53 of 3rd period - Stopped by Artur Akhtyamov without a rebound.
4:54 of 3rd period - Jacob Perreault wins face-off versus Francesco Pinelli in RHODE ISLAND BEARS zone.
5:56 of 3rd period - Icing by Rory Kerins.
5:57 of 3rd period - Oskar Pettersson wins face-off versus Rory Kerins in RHODE ISLAND BEARS zone.
6:11 of 3rd period - Shot by Rory Kerins.
6:11 of 3rd period - Shot Blocked by Nicolas Deslauriers.
6:31 of 3rd period - Off-side.
6:32 of 3rd period - Justin Sourdif wins face-off versus Alex Suzdalev in neutral zone.
6:53 of 3rd period - Icing by Topias Vilen.
6:54 of 3rd period - Jeff Malott wins face-off versus Cole Schwindt in RHODE ISLAND BEARS zone.
6:57 of 3rd period - Shot by Akil Thomas.
6:57 of 3rd period - Stopped by Artur Akhtyamov without a rebound.
6:58 of 3rd period - Jeff Malott wins face-off versus Aleksanteri Kaskimaki in RHODE ISLAND BEARS zone.
7:10 of 3rd period - Icing by Chad Ruhwedel.
7:11 of 3rd period - Cole Schwindt wins face-off versus Jeff Malott in LIMOILOU WOLF PACK zone.
7:16 of 3rd period - Shot by Matthew Phillips.
7:16 of 3rd period - Stopped by Collin Delia with a rebound.
7:21 of 3rd period - Matthew Phillips is hit by Chad Ruhwedel and loses puck.
8:10 of 3rd period - Rory Kerins is hit by Oskar Pettersson and loses puck.
8:48 of 3rd period - Jacob Moverare is hit by Colton Dach and loses puck.
8:52 of 3rd period - Minor Penalty to Colton Dach for Hooking.
8:53 of 3rd period - Cole Schwindt wins face-off versus Dominik Shine in LIMOILOU WOLF PACK zone.
10:14 of 3rd period - Shot by Conor Timmins.
10:14 of 3rd period - Stopped by Collin Delia without a rebound.
10:15 of 3rd period - Oskar Pettersson wins face-off versus Rory Kerins in LIMOILOU WOLF PACK zone.
10:15 of 3rd period - Oskar Pettersson is hit by Alex Jefferies.
11:19 of 3rd period - Shot by Aleksanteri Kaskimaki.
11:19 of 3rd period - Shot Misses the Net.
11:27 of 3rd period - Shot by Carter Mazur.
11:27 of 3rd period - Stopped by Collin Delia without a rebound.
11:28 of 3rd period - Oskar Pettersson wins face-off versus Francesco Pinelli in LIMOILOU WOLF PACK zone.
11:28 of 3rd period - Oskar Pettersson is hit by Samuel Poulin.
13:05 of 3rd period - Shot by Aleksanteri Kaskimaki.
13:05 of 3rd period - Stopped by Collin Delia with a rebound.
13:14 of 3rd period - Icing by Cam McDonald.
13:15 of 3rd period - Cole Schwindt wins face-off versus Oskar Pettersson in LIMOILOU WOLF PACK zone.
13:15 of 3rd period - Cole Schwindt is hit by Vincent Sevigny.
14:34 of 3rd period - Icing by Conor Timmins.
14:35 of 3rd period - Alex Suzdalev wins face-off versus Aleksanteri Kaskimaki in RHODE ISLAND BEARS zone.
14:48 of 3rd period - Shot by Nicolas Aube-Kubel.
14:48 of 3rd period - Stopped by Artur Akhtyamov without a rebound.
14:49 of 3rd period - Rory Kerins wins face-off versus Jeff Malott in RHODE ISLAND BEARS zone.
14:49 of 3rd period - Rory Kerins is hit by Akil Thomas.
15:16 of 3rd period - Shot by Akil Thomas.
15:16 of 3rd period - Stopped by Artur Akhtyamov without a rebound.
15:17 of 3rd period - Jacob Perreault wins face-off versus Aleksanteri Kaskimaki in RHODE ISLAND BEARS zone.
15:35 of 3rd period - Emil Andrae is hit by Chad Ruhwedel.
15:52 of 3rd period - Conor Timmins is hit by Chad Ruhwedel and loses puck.
15:55 of 3rd period - Shot by Emil Andrae.
15:55 of 3rd period - Shot Misses the Net.
16:12 of 3rd period - Francesco Pinelli is hit by Sebastien Aho and loses puck.
17:09 of 3rd period - Shot by Jacob Moverare.
17:09 of 3rd period - Stopped by Collin Delia without a rebound.
17:10 of 3rd period - Cole Schwindt wins face-off versus Dominik Shine in LIMOILOU WOLF PACK zone.
18:10 of 3rd period - Oskar Pettersson is hit by Aatu Jamsen.
18:11 of 3rd period - Icing by Oskar Pettersson.
18:12 of 3rd period - Rory Kerins wins face-off versus Alex Suzdalev in LIMOILOU WOLF PACK zone.
18:23 of 3rd period - Shot by Alex Jefferies.
18:23 of 3rd period - Shot Blocked by Aidan Fulp.
18:25 of 3rd period - Shot by Jacob Moverare.
18:25 of 3rd period - Shot Misses the Net.
18:27 of 3rd period - Shot by Rory Kerins.
18:27 of 3rd period - Stopped by Collin Delia with a rebound.
18:29 of 3rd period - Shot by William Villeneuve.
18:29 of 3rd period - Goal by William Villeneuve - LIMOILOU WOLF PACK : 0 - RHODE ISLAND BEARS : 6.
18:30 of 3rd period - Philippe Daoust wins face-off versus Carter Mazur in neutral zone.
18:49 of 3rd period - Emil Andrae is hit by Vincent Sevigny.
19:34 of 3rd period - Shot by Jeremie Poirier.
19:34 of 3rd period - Stopped by Collin Delia without a rebound.
19:35 of 3rd period - Cole Schwindt wins face-off versus Jeff Malott in LIMOILOU WOLF PACK zone.
Goals for this period are 0 for LIMOILOU WOLF PACK vs 2 for RHODE ISLAND BEARS.
Shots for this period are 5 for LIMOILOU WOLF PACK vs 14 for RHODE ISLAND BEARS.